 Dungeon Crawl Stone Soup version 0.31-a0-164-g2312942fda (webtiles) character file.

Game seed: 7978668957219320599

755 qw the Chopper (level 7, -1/44 HPs)
             Began as a Gargoyle Fighter on June 13, 2023.
             Slain by a wight
             ... wielding a +3 dagger
              (8 damage)
             ... on level 5 of the Dungeon.
             The game lasted 00:02:08 (3433 turns).

qw the Chopper (Gargoyle Fighter)                   Turns: 3433, Time: 00:02:09

Health: -1/44      AC: 14    Str: 25    XL:     7   Next: 79%
Magic:  7/7        EV: 10    Int:  8    God:
Gold:   284        SH:  4    Dex:  9    Spells: 6/6 levels left

rFire   . . .        Y - +1 war axe
rCold   . . .        c - +0 buckler
rNeg    + . .        b - +0 scale mail
rPois   inf          k - +0 helmet
rElec   +            (no cloak)
rCorr   .            e - +1 pair of gloves {Str+3}
SInv    .            (no boots)
Will    .....        (no amulet) Stlth
                     (no ring)
HPRegen 0.27/turn    (no ring)
MPRegen 0.10/turn

%: no passive effects
@: no status effects
A: sickness immunity, AC +4, negative energy resistance 1, electricity
resistance, torment resistance 1, petrification resistance
a: no special abilities


You were on level 5 of the Dungeon.
You visited 1 branch of the dungeon, and saw 5 of its levels.

You collected 284 gold pieces.


Innate Abilities, Weirdness & Mutations

You are immune to sickness and miasma.
Your stone body is resilient. (AC +4)
You are immune to poison.
You resist negative energy. (rN+)
You are resistant to electric shocks. (rElec)
You are resistant to unholy torment.
You are immune to petrification.


   Skills:
 + Level 4.9 Fighting
 - Level 7.0 Axes
 - Level 3.2 Armour
 - Level 1.3 Dodging
 - Level 3.2 Shields


You had 6 spell levels left.
You didn't know any spells.
Your spell library was empty.

Inventory:

Hand Weapons
 n - a +0 flail
 Y - a +1 war axe (weapon)
Missiles
 p - a boomerang (quivered)
Armour
 b - a +0 scale mail (worn)
 c - a +0 buckler (worn)
 e - a +1 pair of gloves of strength (worn)
 h - a +2 helmet
 k - a +0 helmet (worn)
 l - a +0 chain mail
Wands
 j - a wand of digging (3)
Scrolls
 a - 4 scrolls of identify
Potions
 d - a potion of might
 g - a potion of cancellation
 i - a potion of mutation
 m - a potion of curing

Dungeon Overview and Level Annotations

Branches:
Dungeon (5/15)
 Temple: D:4-7

Altars:
Ashenzari
Gozag
Uskayaw
Xom

Shops:
D:2 :


Message History

You closely miss the wight. You hit the ice beast.
The wight hits you but does no damage. The ice beast barely misses you.
The wight hits you with a +0 flail!
The wight hits you from afar with a +0 spear!
3428 ||| DRINKING potion of heal wounds.
You feel much better. The wight barely misses you.
The ice beast hits you but does no damage.
The wight hits you with a +0 flail!
The wight hits you from afar with a +0 spear.
You closely miss the wight.
The wight is severely damaged.
You hit the wight. You hit the ice beast.
The ice beast hits you but does no damage.
The wight hits you but does no damage. The wight closely misses you.
The wight hits you but does no damage.
You closely miss the wight.
The wight is severely damaged.
You slash the wight!
You destroy the wight!
You hit the ice beast. The wight hits you with a +3 dagger.
The ice beast closely misses you. The wight hits you but does no damage.
You hit the wight but do no damage.
The wight is severely damaged.
You barely miss the ice beast. The wight hits you with a +3 dagger.
The ice beast hits you but does no damage.
You block the wight's attack.
You completely miss the wight.
The wight is severely damaged.
You hit the ice beast but do no damage. The wight barely misses you.
The ice beast hits you but does no damage.
The wight hits you from afar with a +0 spear.
You barely miss the wight.
The wight is severely damaged.
You slash the ice beast! The wight hits you with a +3 dagger!
You die...

.....####.# #.## #####
#......####..## ....#
####.....###..# ....##
#..###.####.## .
.....####.####.#.....#.#
...................)...#
)..#......####.........#
.)...######
#...........# .....#
#..@.......... .....#
#.Yz).....#### .....#
..$...z.....# .......
...###.......## ........
.# .......... ....####
#...).....# #.........#
#.........#


You could see an ice beast and 2 wights.

Vanquished Creatures
  An ice beast (D:4)
  A black bear (D:4)
  A scorpion (D:4)
  A wight (D:5)
  A gnoll bouda (D:4)
  An orc priest (D:4)
  Jessica (D:2)
  An orc wizard (D:5)
  3 sleepcaps
  8 gnolls
  6 adders
  A shadow imp (D:5)
  A worm (D:3)
  7 dart slugs
  11 orcs
  9 endoplasms
  2 giant cockroaches
  8 goblins
  9 hobgoblins
  6 quokkas
  7 ball pythons
  5 bats
  3 frilled lizards
  8 kobolds
  7 rats
109 creatures vanquished.

Notes
Turn   | Place    | Note
-------+----------+-------------------------------------------
     0 | D:1      | qw the Gargoyle Fighter began the quest for the Orb.
     0 | D:1      | Reached XP level 1. HP: 14/14 MP: 1/1
     0 | D:1      | 0 ||| qw: Version: 0.2-a-29-gc1b59c4
     0 | D:1      | 0 ||| qw: Game counter: 4621
     0 | D:1      | 0 ||| qw: Always use a shield: true
     0 | D:1      | 0 ||| qw: God list: Okawaru
     0 | D:1      | 0 ||| qw: Allow faded altars: false
     0 | D:1      | 0 ||| qw: Do Orc after D:15 true
     0 | D:1      | 0 ||| qw: Do second Lair branch before Depths: true
     0 | D:1      | 0 ||| qw: Lair rune preference: random
     0 | D:1      | 0 ||| qw: Plans: Normal, Zot:1-4, Slime:5, God:TSO, Crypt,
                  | Tomb, Abyss, Pan, Hells, Win
     0 | D:1      | 0 ||| PLANNING D:1-11
    25 | D:1      | Reached skill level 2 in Axes
    27 | D:1      | 27 ||| Stepping ~*~*~tactically~*~*~ (hiding).
    30 | D:1      | 30 ||| Stepping ~*~*~tactically~*~*~ (hiding).
    31 | D:1      | 31 ||| Stepping ~*~*~tactically~*~*~ (hiding).
   182 | D:1      | Reached XP level 2. HP: 9/19 MP: 2/2
   276 | D:1      | 276 ||| Stepping ~*~*~tactically~*~*~ (hiding).
   329 | D:1      | Reached skill level 3 in Axes
   365 | D:1      | Reached XP level 3. HP: 23/23 MP: 3/3
   368 | D:1      | 368 ||| Stepping ~*~*~tactically~*~*~ (hiding).
   369 | D:1      | 369 ||| Stepping ~*~*~tactically~*~*~ (hiding).
   712 | D:1      | 712 ||| Stepping ~*~*~tactically~*~*~ (hiding).
   713 | D:1      | 713 ||| Stepping ~*~*~tactically~*~*~ (hiding).
   714 | D:1      | 714 ||| Stepping ~*~*~tactically~*~*~ (hiding).
   846 | D:1      | 846 ||| READING 3 scrolls labelled LANTIRH NIREIQA.
   847 | D:1      | 847 ||| READING 2 scrolls labelled ETHOMI HOERUITZ.
   848 | D:1      | 848 ||| READING scroll labelled ITIFRI SYPPUROYJE.
   848 | D:1      | Identified a scroll of acquirement
   848 | D:1      | 848 ||| ACQUIRING +1 pair of gloves of strength
   848 | D:1      | Acquired a +1 pair of gloves of strength
   850 | D:1      | 850 ||| UPGRADING to +1 pair of gloves of strength.
   855 | D:1      | 855 ||| READING 2 scrolls of identify.
   855 | D:1      | 855 ||| IDENTIFYING sapphire potion
   856 | D:1      | 856 ||| DROPPING scroll of noise.
   900 | D:2      | Found Kudekelo's Vocational Training.
   957 | D:2      | Noticed Jessica
   960 | D:2      | Killed Jessica
   961 | D:2      | Reached skill level 4 in Axes
   961 | D:2      | Reached XP level 4. HP: 28/28 MP: 4/4
  1173 | D:2      | Found a faded altar of an unknown god.
  1504 | D:2      | 1504 ||| Stepping ~*~*~tactically~*~*~ (stealth).
  1516 | D:2      | 1516 ||| Stepping ~*~*~tactically~*~*~ (stealth).
  1522 | D:2      | 1522 ||| Stepping ~*~*~tactically~*~*~ (stealth).
  1656 | D:2      | 1656 ||| DROPPING +3 leather armour.
  1657 | D:2      | 1657 ||| UPGRADING to +0 helmet.
  1662 | D:2      | 1662 ||| READING scroll labelled TAIVOTIUF.
  1663 | D:2      | 1663 ||| READING 2 scrolls of identify.
  1663 | D:2      | 1663 ||| IDENTIFYING viscous white potion
  1753 | D:3      | Reached XP level 5. HP: 32/32 MP: 5/5
  1757 | D:3      | Found a broken altar of Ashenzari.
  1854 | D:3      | 1854 ||| DROPPING +0 whip.
  2595 | D:3      | 2595 ||| READING scroll labelled QASKYA XICA.
  2596 | D:3      | 2596 ||| READING 2 scrolls of identify.
  2596 | D:3      | 2596 ||| IDENTIFYING inky potion
  2597 | D:3      | 2597 ||| DROPPING potion of degeneration.
  2615 | D:4      | 2615 ||| STAIRDANCE
  2618 | D:3      | Reached skill level 5 in Axes
  2704 | D:4      | Reached skill level 1 in Dodging
  2705 | D:4      | Noticed an ice beast
  2709 | D:4      | Reached XP level 6. HP: 14/37 MP: 6/6
  2719 | D:4      | Killed an ice beast
  2724 | D:4      | 2724 ||| FLEEEEING.
  2730 | D:4      | 2730 ||| FLEEEEING.
  2734 | D:4      | 2734 ||| FLEEEEING.
  2735 | D:4      | 2735 ||| FLEEEEING.
  2736 | D:4      | 2736 ||| FLEEEEING.
  2740 | D:4      | 2740 ||| FLEEEEING.
  2741 | D:4      | 2741 ||| FLEEEEING.
  2742 | D:4      | 2742 ||| FLEEEEING.
  2743 | D:4      | 2743 ||| FLEEEEING.
  2744 | D:4      | 2744 ||| FLEEEEING.
  2745 | D:4      | 2745 ||| FLEEEEING.
  2746 | D:4      | 2746 ||| FLEEEEING.
  2747 | D:4      | 2747 ||| FLEEEEING.
  2748 | D:4      | 2748 ||| FLEEEEING.
  2749 | D:4      | 2749 ||| FLEEEEING.
  2750 | D:4      | 2750 ||| FLEEEEING.
  2751 | D:4      | 2751 ||| STAIRDANCE
  2845 | D:4      | 2845 ||| Stepping ~*~*~tactically~*~*~ (stealth).
  2868 | D:4      | 2868 ||| DROPPING +0 mace.
  2916 | D:4      | Found an opulent altar of Gozag.
  2984 | D:4      | 2984 ||| Stepping ~*~*~tactically~*~*~ (hiding).
  2990 | D:4      | Reached XP level 7. HP: 34/43 MP: 7/7
  2992 | D:4      | Reached skill level 6 in Axes
  3004 | D:4      | 3004 ||| FLEEEEING.
  3196 | D:4      | Found a shimmering altar of Xom.
  3215 | D:4      | Found a hide-covered altar of Uskayaw.
  3264 | D:4      | 3264 ||| READING scroll labelled EGHAP TUMAGU.
  3265 | D:4      | 3265 ||| READING scroll labelled EJODOGG YRHE.
  3270 | D:4      | 3270 ||| READING scroll labelled GEIMIU WOUPSI.
  3271 | D:4      | 3271 ||| DRINKING 2 brown potions.
  3272 | D:4      | 3272 ||| READING 5 scrolls of identify.
  3272 | D:4      | 3272 ||| IDENTIFYING clear potion
  3291 | D:5      | Entered Level 5 of the Dungeon
  3336 | D:5      | 3336 ||| Stepping ~*~*~tactically~*~*~ (stealth).
  3338 | D:5      | Reached skill level 7 in Axes
  3427 | D:5      | HP: 9/44 [wight/+0 flail (7)]
  3427 | D:5      | HP: 2/44 [wight/+0 spear (7)]
  3428 | D:5      | 3428 ||| DRINKING potion of heal wounds.
  3432 | D:5      | HP: 7/44 [wight/+0 spear (1)]
  3433 | D:5      | Slain by a wight

Levels and vault maps discovered:
D:1:      dpeg_arrival_boxorama, layout_basic
D:2:      layout_basic, shapermc_ecumenical_altar_notcrosses,
          minmay_misc_feat_plants, nicolae_shop_vocational, uniq_jessica
D:3:      layout_loops_corners, mainiacjoe_overflow_brackets
D:4:      layout_rooms, lemuel_tele_altar, kennysheep_mini,
          overflow_temple_1_default, chequers_arboretum, minmay_box_of_dots
D:5:      cheibrodos_iron_armory, layout_rooms, tso_oasis_becter, uniq_pikel

Skill      XL: |  1  2  3  4  5  6  7 |
---------------+----------------------+-----
Axes           | 2 3 4 5 7 |  7.0
Dodging        | 1 |  1.3
Fighting       | 4 |  4.9
Armour         | |  3.2
Shields        | |  3.2

Action                     |  1- 3 |  4- 6 |  7- 9 || total
---------------------------+-------+-------+-------++-------
  Melee: War axe           |    66 |   155 |    69 ||   290
  Throw: Boomerang         |       |       |     9 ||     9
    Use: Scroll            |     4 |     4 |     4 ||    12
         Potion            |       |       |     2 ||     2
   Stab: Distracted        |       |       |     1 ||     1
 Armour: Scale mail        |    22 |    88 |    39 ||   149
  Dodge: Dodged            |    32 |    71 |    40 ||   143
  Block: Buckler           |    12 |    22 |    13 ||    47

Table legend:
 A = Non-vault XP
 B = Vault XP
 C = Vault XP percentage of total XP
 D = Non-vault monster count
 E = Vault monster count
 F = Vault count percentage of total count
                 A         B        C        D         E       F
            +---------+---------+-------+---------+---------+-------
      Total |     982 |      97 |   9.0 |     103 |       6 |   5.5
            +---------+---------+-------+---------+---------+-------
        D:1 |      54 |       0 |   0.0 |      26 |       0 |   0.0
        D:2 |      62 |      37 |  37.4 |      23 |       1 |   4.2
        D:3 |      93 |       0 |   0.0 |      19 |       0 |   0.0
        D:4 |     550 |      60 |   9.8 |      23 |       5 |  17.9
        D:5 |     223 |       0 |   0.0 |      12 |       0 |   0.0
            +---------+---------+-------+---------+---------+-------
